 Dungeon Crawl Stone Soup version 0.18.1-50-g88ac8fd (webtiles) character file.

16926 Amnesiac the Grand Gadgeteer (level 12, -7/81 HPs)
             Began as a Merfolk Fighter on Mar 10, 2018.
             Was the Champion of Pakellas.
             Killed from afar by Nergalle (18 damage)
             ... with a bolt of negative energy
             ... on level 1 of the Orcish Mines.
             The game lasted 00:37:38 (14466 turns).

Amnesiac the Grand Gadgeteer (Merfolk Fighter)     Turns: 14466, Time: 00:37:38

Health: -7/81      AC:  9    Str: 20    XL:     12   Next: 42%
Magic:  3/24       EV:  6    Int:  7    God:    Pakellas [******]
Gold:   719        SH:  7    Dex: 15    Spells: 1 memorised, 9 levels left

rFire  . . .     SeeInvis .     a - +2 dagger (drain)
rCold  . . .     Gourm    .     A - +0 scale mail
rNeg   . . .     Faith    +     c - +0 shield
rPois  .         Spirit   .     Y - +2 hat
rElec  .         Dismiss  .     i - +0 cloak
rCorr  .         Reflect  .     (no gloves)
SustAt +         Harm     .     (no boots)
MR     .....                    N - amulet of faith
Stlth  ..........               m - ring of flight
                                p - ring of sustain attributes

@: about to teleport, very heavily drained, not resistant to hostile
enchantments, extremely unstealthy
A: change form in water, swift swim
a: Quick Charge, Device Surge, Supercharge, Renounce Religion, Evoke Flight


You were on level 1 of the Orcish Mines.
You worshipped Pakellas.
Pakellas was exalted by your worship.
You were not hungry.

You visited 3 branches of the dungeon, and saw 14 of its levels.

You collected 905 gold pieces.
You spent 186 gold pieces at shops.

Inventory:

Hand Weapons
 a - a +2 dagger of draining (weapon)
 e - the +2 mace of the Forsaken Gods {freeze, rF+ rC+ Dex+4}
   (You found it on level 4 of the Dungeon)

   It has been specially enchanted to freeze those struck by it, causing extra
   injury to most foes and up to half again as much damage against particularly
   susceptible opponents.
   It can also slow down cold-blooded creatures.
   It affects your dexterity (+4).
   It protects you from fire.
   It protects you from cold.
 X - a +3 dagger
Missiles
 o - 182 stones (quivered)
 w - 29 poisoned needles
 z - 4 throwing nets
Armour
 c - a +0 shield (worn)
 i - a +0 cloak (worn)
 A - a +0 scale mail (worn)
 Y - a +2 hat (worn)
Rods
 b - a +3 rod of shadows (11/11)
   (You acquired it on level 9 of the Dungeon)
 q - a +4 lightning rod (9/9)
   (Pakellas gifted it to you on level 9 of the Dungeon)
Jewellery
 m - a ring of flight (right hand)
 p - a ring of sustain attributes (left hand)
 I - an uncursed amulet of dismissal
 N - an amulet of faith (around neck)
Wands
 k - a wand of disintegration (0/24)
 u - a wand of flame (4/48)
 v - a wand of acid (0/15)
 x - a wand of confusion (0/48)
 C - a wand of lightning (7/15)
 K - a wand of iceblast (0/15)
 O - a wand of paralysis (0/24)
 T - a wand of teleportation (7/9)
 U - a wand of enslavement (0/24)
Scrolls
 g - 3 scrolls of identify {!r}
 y - 5 scrolls of teleportation {!r}
 D - a scroll of enchant armour {!r}
 E - 4 scrolls of magic mapping {!r}
 J - 3 scrolls of remove curse {!r}
Potions
 d - a potion of cancellation {!q}
 n - 2 potions of might {!q}
 s - 2 potions of flight {!q}
 t - a potion of berserk rage {!q}
 G - 2 potions of resistance {!q}
 H - a potion of cure mutation {!q}
 P - a potion of lignification {!q}
 Q - 2 potions of mutation {!q}
 W - a potion of magic {!q}
Books
 R - a book of Beasts

   Spells                             Type                      Level
   a - Summon Butterflies             Summoning                    1
   b - Call Canine Familiar           Summoning                    3
   c - Summon Ice Beast               Ice/Summoning                4
   d - Summon Mana Viper              Hexes/Summoning              5
   e - Summon Hydra                   Summoning                    7
Miscellaneous
 B - a box of beasts
 F - a lamp of fire (inert)
Comestibles
 f - 11 bread rations
 h - 3 beef jerkies
 l - 8 meat rations
 r - 8 fruits
 L - 2 slices of pizza
 M - a royal jelly


   Skills:
 - Level 3.2(0.0) Fighting
 - Level 8.0(4.0) Short Blades
 - Level 2.1(0.0) Armour
 - Level 3.0(0.0) Shields
 + Level 17.6(12.5) Evocations


You had 9 spell levels left.
You knew the following spells:

 Your Spells              Type           Power        Failure   Level  Hunger
a - Repel Missiles        Chrm/Air       #.....       100%        2    ###....


Dungeon Overview and Level Annotations

Branches:
Dungeon (11/15)            Temple (1/1) D:6            Lair (0/8) D:9
    Orc (2/2) D:11
    Elf: Orc:2

Altars:
Ashenzari
Cheibriados
Dithmenos
Elyvilon
Fedhas
Gozag
Kikubaaqudgha
Makhleb
Nemelex Xobeh
Okawaru
Pakellas
Qazlal
Ru
Sif Muna
Trog
Vehumet
Xom
Yredelemnul
Zin
The Shining One
Beogh

Shops:
D:6 *}*   Orc:1 (

Annotations:
Orc:1 Nergalle


Message History

You block the spectral orc warrior's attack.
Evoke which item? (* to show all) (? for menu, Esc to quit)
Zapping:
O - a wand of paralysis (2/24)
Press: ? - help, Shift-Dir - straight line, f/p - Nergalle
Aim: Nergalle, wielding a dagger and wearing a robe (chance to defeat MR: 39%) Nergalle resists with some effort.
This wand has 1 charge left.
Nergalle casts a spell at you. The bolt of negative energy hits you!
You feel drained.
Evoke which item? (* to show all) (? for menu, Esc to quit)
Zapping:
O - a wand of paralysis (1/24)
Press: ? - help, Shift-Dir - straight line, f/p - Nergalle
Aim: Nergalle, wielding a dagger and wearing a robe (chance to defeat MR: 38%) Nergalle resists with some effort.
This wand has 0 charges left.
The spectral orc hits you but does no damage.
The spectral orc hits you from afar with a trident.
You feel drained.
You block the spectral orc warrior's attack.
Evoke which item? (* to show all) (? for menu, Esc to quit)
Okay, then.
You block the spectral orc's attack. x2
The spectral orc completely misses you.
You block the spectral orc warrior's attack.
The spectral orc hits you but does no damage.
The spectral orc hits you with a trident.
Nergalle hits you but does no damage.
The spectral orc warrior barely misses you.
A troll comes into view.
The troll shouts!
The spectral orc hits you but does no damage.
Nergalle hits you with a dagger.
* * * LOW HITPOINT WARNING * * *
The spectral orc closely misses you. You block the spectral orc's attack.
There is a stone staircase leading up here.
You see here 5 tomahawks.
The spectral orc hits you with a whip.
* * * LOW HITPOINT WARNING * * *
You block the spectral orc warrior's attack.
Nergalle casts a spell at you. The bolt of negative energy hits you!
You feel drained.
* * * LOW HITPOINT WARNING * * *
The spectral orc hits you but does no damage.
You climb upwards.
There is a stone staircase leading down here.
Read which item? (? for menu, Esc to quit)
Really read
y - 6 scrolls of teleportation {!r}?
As you read the scroll of teleportation {!r}, it crumbles to dust.
You feel strangely unstable. Nergalle hits you but does no damage.
Drink which item? (? for menu, Esc to quit)
Okay, then.
Unknown command.
Drink which item? (? for menu, Esc to quit)
Okay, then.
Read which item? (? for menu, Esc to quit)
Okay, then.
Drink which item? (? for menu, Esc to quit)
Okay, then.
Unknown command.
Put on which piece of jewellery? (? for menu, Esc to quit)
Okay, then.
Nergalle gestures at you while chanting.
The bolt of negative energy hits you!
You feel drained.
You die...
Pakellas says: Time to start the next experiment...

##.......##.#....#........
##....#.....###.........#..
#.............#...#.[......
#..............#....)......
#..............#.......[..#
##.##.............[(.....)[
#######...o[).........)...)[
##.###......>..#......>).....
#...#......#@................
#...)#....#...............#..
######.))#...[[............#.....
#.#.##)......(.........[.........
[.............#..................
#.#.#............................
######.##................#.....∩.
#...###........(.............
##.##..........#.#...........


You could see Nergalle.

Vanquished Creatures
  2 hydras (D:11)
  Erica (Orc:1)
  An orc high priest (Orc:1)
  2 orc knights (Orc:1)
  3 hill giants (D:11)
  An ugly thing (D:11)
  A gargoyle (D:11)
  A two-headed ogre (D:11)
  A merfolk (D:10)
  A shadow (D:11)
  5 yaks (D:11)
  3 hungry ghosts
  A hippogriff (D:10)
  Edmund (D:6)
  A warg (Orc:1)
  2 water moccasins
  Duvessa (D:6)
  4 ice beasts
  A sky beast (D:7)
  A necrophage (D:11)
  A black bear (D:11)
  A wasp (D:11)
  4 ogres
  11 orc warriors
  3 phantoms
  5 centaurs
  6 giant frogs
  Dowan (D:6)
  10 scorpions
  A water moccasin zombie (D:11)
  11 killer bees
  7 wights
  5 howler monkeys
  4 crimson imps
  3 giant frog zombies
  2 quasits
  5 hounds
  A jelly (D:9)
  6 orc priests
  A giant frog skeleton (D:6)
  3 iguanas
  11 orc wizards
  8 worker ants
  2 hound zombies
  A hound skeleton (D:4)
  8 gnolls (D:9)
  14 adders
  5 shadow imps
  3 oozes
  An adder zombie (D:7)
  5 worms
  2 dart slugs (D:2)
  6 giant geckos
  63 orcs
  3 giant cockroaches
  A goblin (D:3)
  9 hobgoblins
  22 jackals
  10 kobolds
  3 quokkas
  3 ball pythons
  14 bats
  A giant gecko skeleton (D:4)
  8 giant newts
  A jackal skeleton (D:4)
  A jackal zombie (D:6)
  9 rats
  A spectral orc (D:2)
340 creatures vanquished.

Vanquished Creatures (collateral kills)
  Gastronok (Orc:1)
  An orc sorcerer (Orc:2)
  A troll (Orc:1)
  A warg (Orc:1)
  2 orc warriors (Orc:1)
  2 killer bees
  4 orc priests
  5 orc wizards
  9 orcs
26 creatures vanquished.

Vanquished Creatures (others)
  An orc knight (Orc:1)
  A warg (Orc:1)
  3 orc warriors (Orc:1)
  2 killer bees (D:11)
  A fungus (D:7)
8 creatures vanquished.

Grand Total: 374 creatures vanquished

Notes
Turn   | Place    | Note
--------------------------------------------------------------
     0 | D:1      | Amnesiac the Merfolk Fighter began the quest for the Orb.
     0 | D:1      | Reached XP level 1. HP: 18/18 MP: 1/1
    39 | D:1      | Reached XP level 2. HP: 19/24 MP: 2/2
   370 | D:2      | Reached XP level 3. HP: 29/29 MP: 3/3
   685 | D:4      | Noticed a phantom
   690 | D:4      | Found a shattered altar of Ashenzari.
   734 | D:4      | Killed a phantom
   734 | D:4      | Reached XP level 4. HP: 25/35 MP: 4/4
   734 | D:4      | Reached XP level 5. HP: 29/41 MP: 5/5
   784 | D:4      | Noticed a centaur
   794 | D:4      | Killed a centaur
  1058 | D:4      | Reached XP level 6. HP: 47/47 MP: 6/6
  1060 | D:4      | Found a snail-covered altar of Cheibriados.
  1069 | D:4      | Found a blossoming altar of Fedhas.
  1069 | D:4      | Found a stormy altar of Qazlal.
  1070 | D:4      | Found a shimmering altar of Xom.
  1071 | D:4      | Found a sacrificial altar of Ru.
  1073 | D:4      | Got a brightly glowing mace
  1084 | D:4      | Identified the +2 mace of the Forsaken Gods {freeze, rF+ rC+ Dex+4} (You found it on level 4 of the Dungeon)
  1662 | D:5      | Entered Level 5 of the Dungeon
  1684 | D:5      | Noticed a water moccasin
  1729 | D:5      | Killed a water moccasin
  1729 | D:5      | Reached skill level 2 in Evocations
  1827 | D:5      | Reached XP level 7. HP: 40/52 MP: 7/9
  1881 | D:5      | Found a shadowy altar of Dithmenos.
  1885 | D:5      | Reached skill level 3 in Evocations
  2161 | D:5      | Reached skill level 4 in Evocations
  2611 | D:6      | Reached skill level 5 in Evocations
  2695 | D:6      | Found a staircase to the Ecumenical Temple.
  2698 | D:6      | Reached XP level 8. HP: 58/58 MP: 10/12
  2706 | Temple   | Entered the Ecumenical Temple
  2711 | Temple   | Became a worshipper of Pakellas the Inventive
  2722 | Temple   | Reached skill level 6 in Evocations
  3437 | D:2      | Reached * piety under Pakellas
  3437 | D:2      | Received a gift from Pakellas
  3463 | D:2      | Found a sparkling altar of Nemelex Xobeh.
  3825 | D:2      | Found a basalt altar of Yredelemnul.
  4246 | D:3      | Reached skill level 7 in Evocations
  4575 | D:3      | Reached ** piety under Pakellas
  4575 | D:3      | Received a gift from Pakellas
  5184 | D:6      | Reached skill level 8 in Evocations
  5363 | D:6      | Found an opulent altar of Gozag.
  5384 | D:6      | Noticed Edmund
  5410 | D:6      | Killed Edmund
  5450 | D:6      | Found Hidghewa's Gadget Shoppe.
  5482 | D:6      | Found Alenuynt's General Store.
  5494 | D:6      | Reached skill level 9 in Evocations
  5494 | D:6      | Reached XP level 9. HP: 62/64 MP: 15/15
  5505 | D:6      | Bought a scroll of teleportation for 42 gold pieces
  5682 | D:6      | Bought a scroll of identify for 28 gold pieces
  5682 | D:6      | Bought a scroll of identify for 28 gold pieces
  5682 | D:6      | Bought a scroll of identify for 28 gold pieces
  5689 | D:6      | Learned a level 2 spell: Repel Missiles
  5763 | D:6      | Found Mevvej's Assorted Antiques.
  5772 | D:6      | Bought a runed dagger for 60 gold pieces
  5956 | D:6      | Reached *** piety under Pakellas
  5956 | D:6      | Received a gift from Pakellas
  6156 | D:6      | Noticed Duvessa
  6158 | D:6      | Noticed Dowan
  6161 | D:6      | Killed Duvessa
  6162 | D:6      | Killed Dowan
  6162 | D:6      | Reached skill level 10 in Evocations
  6467 | D:7      | Reached skill level 11 in Evocations
  6513 | D:7      | Found an iron altar of Okawaru.
  7076 | D:7      | Reached **** piety under Pakellas
  7076 | D:7      | Received a gift from Pakellas
  7479 | D:7      | Reached XP level 10. HP: 32/70 MP: 18/18
  7588 | D:7      | Reached skill level 12 in Evocations
  7629 | D:7      | Found a deep blue altar of Sif Muna.
  8357 | D:9      | Found a staircase to the Lair.
  8372 | D:9      | You fall through a shaft!
  8372 | D:10     | Entered Level 10 of the Dungeon
  8471 | D:9      | Reached ***** piety under Pakellas
  8471 | D:9      | Received a gift from Pakellas
  8971 | D:9      | Identified a scroll of acquirement {!r}
  8979 | D:9      | Identified a +3 rod of shadows (11/11) (You acquired it on level 9 of the Dungeon)
  9316 | D:10     | Reached skill level 13 in Evocations
  9683 | D:11     | Noticed a hill giant
  9698 | D:11     | Killed a hill giant
  9758 | D:11     | Noticed a five-headed hydra
  9824 | D:11     | Killed a five-headed hydra
  9824 | D:11     | Reached skill level 14 in Evocations
  9982 | D:11     | Reached XP level 11. HP: 34/75 MP: 21/21
 10115 | D:11     | Noticed a seven-headed hydra
 10120 | D:11     | Killed a seven-headed hydra
 10162 | D:11     | HP: 3/75 [poisoned by a killer bee]
 10169 | D:11     | HP: 3/75 [poisoned by a killer bee]
 10177 | D:11     | HP: 2/75 [poisoned by a killer bee]
 10338 | D:11     | Reached skill level 15 in Evocations
 10616 | D:11     | Noticed a brown ugly thing
 10624 | D:11     | Killed a brown ugly thing
 10625 | D:11     | Found a staircase to the Orcish Mines.
 10757 | D:11     | Noticed a hill giant
 10763 | D:11     | Killed a hill giant
 11141 | D:11     | Noticed a hill giant
 11172 | D:11     | Killed a hill giant
 11172 | D:11     | Reached skill level 16 in Evocations
 11308 | Orc:1    | Entered Level 1 of the Orcish Mines
 11380 | Orc:1    | Noticed Erica
 11551 | Orc:1    | Killed Erica
 11634 | Orc:1    | Found Lovep's Antique Weapon Emporium.
 11677 | Orc:1    | Noticed Gastronok
 11698 | Orc:1    | Killed Gastronok
 11698 | Orc:1    | Reached XP level 12. HP: 31/81 MP: 9/24
 11873 | Orc:1    | Found a roughly hewn altar of Beogh.
 11881 | Orc:1    | Noticed an orc high priest
 11899 | Orc:1    | Reached ****** piety under Pakellas
 11953 | Orc:1    | Killed an orc high priest
 12180 | Orc:1    | Reached skill level 17 in Evocations
 12596 | Orc:1    | HP: 4/81 [warg[an orc knight] (8)]
 13740 | Orc:2    | Entered Level 2 of the Orcish Mines
 14061 | Orc:2    | Paralysed by an orc sorcerer for 2 turns
 14080 | Orc:2    | HP: 1/81 [orc sorcerer/bolt of fire (26)]
 14443 | Orc:2    | Noticed Nergalle
 14466 | Orc:1    | Killed from afar by Nergalle

Skill      XL: |  1  2  3  4  5  6  7  8  9 10 11 12 |
---------------+-------------------------------------+-----
Short Blades   | 3 4 6 7 8 |  8.0
Evocations     | 2 5 9 11 14 16 17 | 17.6
Fighting       | |  3.2
Armour         | |  2.1
Shields        | |  3.0

Action                   |  1- 3 |  4- 6 |  7- 9 | 10-12 || total
-------------------------+-------+-------+-------+-------++-------
Melee: Rapier            |    96 |   100 |   386 |       ||   582
       Dagger            |       |       |   445 |   772 ||  1217
Invok: Quick Charge      |       |       |     2 |    10 ||    12
Evoke: Wand              |       |       |    43 |   136 ||   179
       Deck              |       |       |       |    12 ||    12
       Lamp of fire      |       |       |       |     2 ||     2
       Rod               |       |       |       |     2 ||     2
  Use: Potion            |     3 |     1 |     2 |     2 ||     8
       Scroll            |       |     3 |     6 |    11 ||    20
 Stab: Confused          |       |       |    16 |     5 ||    21
       Paralysed         |       |       |       |    43 ||    43
  Eat: Chunk             |       |     2 |    22 |    24 ||    48
       Royal jelly       |       |       |       |     1 ||     1
Armor: Scale mail        |    42 |    30 |   239 |   198 ||   509
       Skin              |       |    16 |       |       ||    16
Dodge: Dodged            |    23 |    18 |   142 |   142 ||   325
Block: Shield            |    49 |    33 |   284 |   270 ||   636
